 Dungeon Crawl Stone Soup version 0.29.1-4-g47bece8355 (webtiles) character file.

Game seed: 3422584228398751138

9 ChrisAssaf the Sneak (level 2, -6/22 HPs)
             Began as a Human Brigand on Dec 9, 2022.
             Splashed by a jelly's acid (9 damage)
             ... on level 4 of the Dungeon.
             The game lasted 00:01:41 (404 turns).

ChrisAssaf the Sneak (Human Brigand)                 Turns: 404, Time: 00:01:59

Health: -6/22      AC: -1    Str: 11    XL:     2   Next: 25%
Magic:  2/2        EV: 12    Int: 11    God:
Gold:   67         SH:  0    Dex: 14    Spells: 1/1 levels left

rFire   . . .      SeeInvis .   a - +2 dagger
rCold   . . .      Faith    +   (no shield)
rNeg    . . .      Spirit   .   b - +0 robe
rPois   .          Reflect  .   (no helmet)
rElec   .          Harm     .   c - +0 cloak
rCorr   .          Rampage  .   (no gloves)
Will    .....                   (no boots)
Stlth   +++.......              g - amulet of faith
HPRegen 0.07/turn               (no ring)
MPRegen 0.08/turn               (no ring)

@: corroded
A: no striking features
a: no special abilities


You were on level 4 of the Dungeon.
You visited 1 branch of the dungeon, and saw 4 of its levels.

You collected 67 gold pieces.

Inventory:

Hand Weapons
 a - a +2 dagger (weapon)
Missiles
 d - 7 poisoned darts (quivered)
 e - 3 curare-tipped darts
 j - 2 javelins
Armour
 b - a +0 robe (worn)
 c - a +0 cloak (worn)
Jewellery
 g - an amulet of faith (around neck)
Scrolls
 k - a scroll of teleportation
Potions
 f - a potion of curing {unknown}
 i - 2 potions of heal wounds {unknown}


   Skills:
 * Level 2.0 Fighting
 * Level 2.1 Short Blades
 * Level 0.1(1.2) Long Blades
 * Level 2.0 Throwing
 * Level 0.1 Armour
 * Level 1.1 Dodging
 * Level 4.2 Stealth


You had one spell level left.
You didn't know any spells.
Your spell library was empty.

Dungeon Overview and Level Annotations

Branches:
Dungeon (4/15)
 Temple: D:4-7

Altars:


Message History

You hit the orc.
The orc is moderately wounded.
The orc hits you with a +0 hand axe.
You hit the orc.
The orc is heavily wounded.
The orc misses you.
You hit the orc.
You kill the orc!
Things that are here:
a +0 hand axe; a +0 leather armour; an orc corpse
d - 7 poisoned darts (gained 1)
You start resting.
HP restored.
There is a stone staircase leading down here.
You climb downwards.
There is a stone staircase leading up here.
Found a scroll labelled TITEUSKIEMO.
A jelly comes into view.
Found a scroll labelled VILINUHOGAI.
You see here a scroll labelled TITEUSKIEMO.
k - a scroll labelled TITEUSKIEMO
As you read the scroll labelled LIUDOA JIENK, it crumbles to dust.
It is a scroll of identify.
k - a scroll of teleportation The jelly hits you but does no damage.
You hit the jelly.
Your hands burn!
The jelly is lightly wounded.
You hit the jelly.
Your hands burn!
The jelly is heavily wounded.
The jelly barely misses you.
You hit the jelly.
Your hands burn!
The jelly is heavily wounded.
The jelly hits you.
You are splashed with acid!
You hit the jelly. The acid corrodes you!
Your hands burn!
* * * LOW HITPOINT WARNING * * *
The jelly is severely wounded.
The jelly hits you.
* * * LOW HITPOINT WARNING * * *
You are splashed with acid!
You die...

#####......
#####..?.......
#...#.##......
#.#.#.##....#
#.#.#.##....#
#.#<#.##....#
##.###...J...####
#........@.......
#########.#######
#.....# ###...#
+#+#


You could see a jelly.

Vanquished Creatures
  An orc (D:3)
  2 bats
  A goblin (D:2)
  2 hobgoblins
  A frilled lizard (D:2)
7 creatures vanquished.

Vanquished Creatures (others)
  7 plants (D:2)
7 creatures vanquished.

Grand Total: 14 creatures vanquished

Notes
Turn   | Place    | Note
-------+----------+-------------------------------------------
     0 | D:1      | ChrisAssaf the Human Brigand began the quest for the Orb.
     0 | D:1      | Reached XP level 1. HP: 16/16 MP: 1/1
   180 | D:2      | Reached XP level 2. HP: 22/22 MP: 2/2
   404 | D:4      | Splashed by a jelly's acid

Illustrated notes

Levels and vault maps discovered:
D:1:      dpeg_arrival_pits, layout_loops_ring, chequers_ecumenical_altar_island
D:2:      layout_rooms, serial_bayou_lagoon_a
D:3:      layout_basic, serial_aquarium, aquarium_bridge_square
          [aquarium_subvault_wall, aquarium_subvault_bridge,
          aquarium_subvault_bridge, aquarium_subvault_wall],
          aquarium_window_corridor_1, aquarium_window_double, aquarium_window_1,
          aquarium_window_1, aquarium_view_2d, aquarium_balcony_double_3
D:4:      kennysheep_six_static_rooms, layout_basic, cheibrodos_worm_habitat,
          old_standard_altar, minmay_temple_entry_waves,
          chequers_serial_rivers_large_a

Action                   || total
-------------------------++-------
Melee: Dagger            ||    20
Throw: Dart              ||     6
  Use: Scroll            ||     1
 Stab: Sleeping          ||     2
Armor: Robe              ||     6
Dodge: Dodged            ||     6
